 Dungeon Crawl Stone Soup version 0.18-a0-1720-g8df8b1a (webtiles) character file.

42 Eucla the Ducker (level 3, -5/17 HPs)
             Began as a Felid Berserker on Apr 9, 2016.
             Was a Follower of Trog.
             Slain by Sigmund
             ... wielding a +0 scythe of protection
              (11 damage)
             ... on level 2 of the Dungeon.
             The game lasted 00:01:34 (1299 turns).

Eucla the Ducker (Felid Berserker)                  Turns: 1299, Time: 00:01:35

Health: -5/17      AC:  1    Str: 14    XL:     3   Next: 33%
Magic:  4/4        EV: 19    Int:  8    God:    Trog [*.....]
Gold:   116        SH:  0    Dex: 15    Spells: 0 memorised, 2 levels left
                                        Lives:  0   Deaths: 0

rFire  . . .     SeeInvis +       - Unarmed
rCold  . . .     Gourm    .     (armour unavailable)
rNeg   . . .     Faith    .     (shield unavailable)
rPois  .         Spirit   .     (helmet unavailable)
rElec  .         Dismiss  .     (cloak unavailable)
rCorr  .         Reflect  .     (gloves unavailable)
SustAt .         Harm     .     (boots unavailable)
MR     .....                    (no amulet)
Stlth  ++........               (no ring)
                                (no ring)

@: exhausted, slowed, slow, not resistant to hostile enchantments, unstealthy
A: no armour, no weapons or thrown items, claws 1, fangs 3, see invisible,
carnivore 3, speed 1, shaggy fur 1, slow metabolism 1, sharp paws
a: Berserk, Burn Spellbooks, Renounce Religion


You were on level 2 of the Dungeon.
You worshipped Trog.
Trog was aware of your devotion.
You were very full.

You visited 1 branch of the dungeon, and saw 2 of its levels.

You collected 116 gold pieces.

Inventory:

Jewellery
 o - an uncursed ring of sustain attributes {unknown}
Scrolls
 d - 4 scrolls of identify {unknown}
 e - 2 scrolls of teleportation {unknown}
 f - a scroll of immolation {unknown}
 g - 3 scrolls of magic mapping {unknown}
 i - 2 scrolls of remove curse {unknown}
 l - 2 scrolls of fog {unknown}
 n - a scroll of enchant armour {unknown}
Potions
 b - 2 potions of degeneration {unknown}
 c - a potion of ambrosia {unknown}
 h - a potion of invisibility {unknown}
 k - a potion of flight {unknown}
Comestibles
 a - a meat ration
 j - a slice of pizza


   Skills:
 * Level 3.4 Fighting
 * Level 4.7 Dodging
 + Level 3.6 Unarmed Combat


You had 2 spell levels left.
You didn't know any spells.

Dungeon Overview and Level Annotations

Branches:
Dungeon (2/15)

Altars:
Vehumet

Annotations:
D:2 Sigmund


Innate Abilities, Weirdness & Mutations

You cannot wear armour.
You are incapable of wielding weapons or throwing items.
You have sharp claws.
You have razor-sharp teeth.
You have supernaturally acute eyesight.
You are carnivorous and can eat meat at any time.
You cover ground quickly.
You are covered in fur (AC +1).
You have a slow metabolism.
Your sharp claws are effective at attacking unaware monsters.


Message History

Sigmund points at you and mumbles some strange words.
The magic dart hits you!
You claw Sigmund!
Sigmund is severely wounded.
Sigmund hits you with a scythe of protection!
You closely miss Sigmund.
Sigmund is severely wounded.
You barely miss Sigmund. You bite Sigmund.
Sigmund is almost dead.
You are no longer berserk.
You are exhausted.
You feel yourself slow down.
You closely miss Sigmund.
Sigmund is almost dead.
Sigmund closely misses you.
You barely miss Sigmund.
Sigmund is almost dead.
Sigmund hits you with a scythe of protection!
Ouch! That really hurt!
You die...

#....# #...
###....#### #
###.
#.........#.#
#.
#...........#
#.
#.........#
#.
####...####
#. #...# #.
#...# #.
##@##
#.@r.....
####.##.. #


You could see Sigmund (invisible) and a quokka.

Vanquished Creatures
  2 adders (D:2)
  A giant gecko (D:2)
  5 bats
  3 goblins
  4 hobgoblins
  A giant newt (D:1)
  3 kobolds
  2 rats (D:1)
21 creatures vanquished.

Notes
Turn   | Place    | Note
--------------------------------------------------------------
     0 | D:1      | Eucla the Felid Berserker began the quest for the Orb.
     0 | D:1      | Reached XP level 1. HP: 10/10 MP: 2/2
   302 | D:1      | Reached XP level 2. HP: 14/14 MP: 3/3
   787 | D:2      | Reached XP level 3. HP: 17/17 MP: 4/4
  1115 | D:2      | Found a radiant altar of Vehumet.
  1208 | D:2      | Noticed Sigmund
  1299 | D:2      | Slain by Sigmund

Vault maps used:
D:1:      denvon_arrival_waterhouse
D:2:      lemuel_round_altar, ecumenical_altar_1, serial_bayou_lagoon_a,
          uniq_sigmund, uniq_crazy_yiuf_cottage, uniq_iyjb

Action                   || total
-------------------------++-------
Melee: Unarmed           ||    66
Invok: Berserk           ||     2
 Stab: Sleeping          ||     3
  Eat: Chunk             ||     8
